[Event "Open Nuevo Centro. Jornada 2"]
[Site "Chess.com"]
[Date "2020.06.26"]
[Round "7"]
[White "Borissov, Julián"]
[Black "García Giménez, Santiago"]
[Result "1-0"]
[WhiteElo "1869"]
[BlackElo "1906"]
[TimeControl "180+2"]
[EndTime "11:50:10 PDT"]
[Termination "Victoria de julianborisov por abandono"]

1. e4 e5 2. Nf3 Nc6 3. Bb5 a6 4. Ba4 Nf6 5. O-O Be7 6. Re1 b5 7. Bb3 d6 8. c3 O-O 9. h3 Na5 10.
Bc2 c5 11. d3 Nc6 12. Nbd2 Re8 13. Nf1 Bf8 14. Ng3 g6 15. a4 b4 16. d4 Bg7 17.
dxc5 dxc5 18. Be3 Qe7 19. cxb4 cxb4 20. a5 Be6 21. Bb6 h6 22. Ba4 Bd7 23. Rc1 Rac8 24. Qd3 Nb8 25. Bxd7 Nbxd7 26. Qxa6 Nxb6 27. axb6 Ra8 28.
Qb5 Rab8 29. Rc7 Qxc7 30. Qxe8+ Nxe8 31. bxc7 Nxc7 32. Rc1 Ne6 33. Nf1 b3 34. Ne3 Nd4 35. Kf1 Nxf3 36. gxf3 h5 37. Rc3 h4 38. Nd5 Bh6 39. Ke2 Kg7 40. Kd3 f5 41. Kc4 Rc8+ 42. Kxb3 Rb8+ 43. Kc2 fxe4 44. fxe4 g5 45. f3 Kg6 46. Rc6+ Kg7 47. Ne7 Kh7 48. Nf5 Bf8 49. b3 Bb4 50. Rc7+ Kg6 51. Kd3 Kf6 52. Kc4 Be1 53. Rc6+ Kf7 54. Rc7+ Kf6 55. Rc6+ Kf7 56. Rc5 Kf6 57. Rb5 Rc8+ 58. Kd5 Rd8+ 59. Nd6 Bc3 60. Rb6 Bd4 61. Rc6 Ke7 62. b4 Bc3 63. b5 Bb4 64.
Rc7+ Kf6 65. Rc6 Ke7 66. Rc5 Bxc5 67. Kxc5 Rxd6 68. b6 Rd7 69. Kc6 Rd8 70. b7 Ke6 71.
Kc7 Rg8 72. b8=Q Rxb8 73. Kxb8 Kd6 74. Kc8 Kc5 75. Kd7 Kd4 76. Ke6 g4 77. fxg4 Kxe4 78. g5 Kf4 79. g6 e4 80. g7 e3 81. g8=Q e2 82. Qg1 Kf3 83. Qe1 Ke3 84. Ke5 Kf3 85.
Kd4 1

[Event "Open Nuevo Centro. Jornada 2"]
[Site "Chess.com"]
[Date "2020.06.26"]
[Round "7"]
[White "Pallardo Lozoya, Jose Vicente"]
[Black "Macias Pino, Diego"]
[Result "0-1"]
[WhiteElo "2212"]
[BlackElo "2239"]
[TimeControl "180+2"]
[EndTime "11:50:29 PDT"]
[Termination "Victoria de jesuimafe por tiempo"]

1. e4 c6 2. d4 d5 3. e5 c5 4. dxc5 e6 5. a3 Bxc5 6. b4 Bb6 7. Nf3 Ne7 8. Bd3 a5 9. Bb2 axb4 10. axb4 Rxa1 11. Bxa1 Ng6 12. Qd2 Nc6 13. O-O Qe7 14. b5 Nb8 15. Bb2 Nd7 16. Re1 O-O 17. Nc3 Nc5 18.
Bf1 Rd8 19. Ba3 Qc7 20. Bxc5 Bxc5 21. Na4 Ba7 22. h4 Qe7 23. b6 Bb8 24. Qd4 Bd7 25.
Nc5 Be8 26. h5 Nf8 27. h6 gxh6 28. Nd3 Ng6 29. Nf4 Nxf4 30. Qxf4 Qf8 31. Re3 f5 32. Nd4 Qe7 33. Rg3+ Bg6 34. Be2 Rc8 35. Bh5 Kg7 36. c3 Rc5 37. Be2 Ra5 38. Rh3 Ra1+ 39. Kh2 Kg8 40. Rxh6 Qf7 41. Rh3 Ra6 42. Rg3 Rxb6 43. Bh5 Qg7 44. Nf3 Rc6 45. Qg5 Rc8 46. Bxg6 hxg6 47.
Qxg6 Qxg6 48. Rxg6+ Kf7 49. Rf6+ Ke7 50. Rh6 Rf8 51. Kg3 Rf7 52. Kf4 Rg7 53. g3 Rg4+ 54. Ke3 Rg7 55. Kd4 Ba7+ 56. Kd3 Bxf2 57. Nd4 Rxg3+ 58.
Ke2 Bxd4 59. cxd4 Rg7 60. Kf3 Kd7 61. Rf6 Re7 62. Ke3 Kc6 63. Kd3 Kb5 64. Kc3 Ka4 65. Rf8 Rc7+ 66. Kd3 b5 67. Ra8+ Kb3 68. Ra6 Re7 69. Ra1 b4 70. Rb1+ Ka4 71. Kc2 Rc7+ 72. Kb2 Kb5 73. Rh1 Rg7 74. Rh6 Kc4 75. Rxe6 Rg2+ 76. Kc1 Kxd4 77. Rb6 Kxe5 78. Rxb4 d4 79. Kd1 Ke4 80. Rb3 f4 81. Ke1 d3 82. Rb8 Re2+ 83.
Kd1 Ra2 84. Re8+ Kf3 85. Ke1 Re2+ 86. Kd1 Rxe8 0

[Event "Open Nuevo Centro. Jornada 2"]
[Site "Chess.com"]
[Date "2020.06.26"]
[Round "8"]
[White "Randazzo, Adrián"]
[Black "Campos Gambuti, Luis María"]
[Result "1/2-1/2"]
[WhiteElo "2471"]
[BlackElo "2418"]
[TimeControl "180+2"]
[EndTime "11:53:09 PDT"]
[Termination "Partida en tablas por mutuo acuerdo"]

1. e4 e5 2. Nf3 Nf6 3. Nxe5 d6 4. Nf3 Nxe4 5. Qe2 Qe7 6. d3 Nf6 7. Bg5 Nbd7 8. Nc3 h6 9. Bd2 a6 10. a4 g6 11. Qxe7+ Kxe7 12. d4 Bg7 13. Bd3 Re8 14. O-O-O b6 1/2-1

[Event "Open Nuevo Centro. Jornada 2"]
[Site "Chess.com"]
[Date "2020.06.26"]
[Round "8"]
[White "Pardo Ruiz, Carlos"]
[Black "Birnoveanu, Petru"]
[Result "1-0"]
[WhiteElo "1863"]
[BlackElo "1684"]
[TimeControl "180+2"]
[EndTime "11:53:19 PDT"]
[Termination "Victoria de Carlitoscarlsen por jaque mate"]

1. e4 e6 2. d4 d5 3. exd5 exd5 4. Nf3 Bg4 5. h3 Qe7+ 6. Be3 Qb4+ 7. Nbd2 Bxf3 8.
Qxf3 Qxb2 9. Rb1 Qxa2 10. Rxb7 Bd6 11. Bb5+ c6 12. Qxf7+ Kd8 13. Bxc6 Nxc6 14. Qd7# 1

[Event "Open Nuevo Centro. Jornada 2"]
[Site "Chess.com"]
[Date "2020.06.26"]
[Round "8"]
[White "Elenkov Olmo, Ivan"]
[Black "SIMARRO PEIRÓ, ANDRÉS"]
[Result "0-1"]
[WhiteElo "895"]
[BlackElo "1058"]
[TimeControl "180+2"]
[EndTime "11:54:15 PDT"]
[Termination "Victoria de AndresSP24 por abandono"]

1. e4 e5 2. Nf3 Nc6 3. Bc4 Bc5 4.
d3 Nf6 5. Ng5 O-O 6. O-O h6 7. Nf3 d5 8. exd5 Nxd5 9. Bxd5 Qxd5 10. c4 Qd7 11. a3 Nd4 12. Nxe5 Qd6 13. Bf4 Qf6 14. Qc1 Ne2+ 0

[Event "Open Nuevo Centro. Jornada 2"]
[Site "Chess.com"]
[Date "2020.06.26"]
[Round "8"]
[White "Zakharash, Georgii"]
[Black "Saiz Sapena, Veronica"]
[Result "0-1"]
[WhiteElo "1062"]
[BlackElo "1549"]
[TimeControl "180+2"]
[EndTime "11:54:59 PDT"]
[Termination "Victoria de Titina1 por jaque mate"]

1. c4 Nf6 2. Nc3 e6 3. Nf3 b6 4. g3 Bb7 5. Bg2 Nc6 6. O-O d5 7. b3 d4 8. Nxd4 Qxd4 9. Nb5 Qd7 10. Bb2 a6 11. Nc3 Be7 12. e3 O-O 13. d4 Rab8 14. Qd2 Bb4 15. a3 Bxc3 16. Bxc3 Nd8 17.
Bxb7 Nxb7 18. e4 Nxe4 19. Qb2 Nxc3 20. Qxc3 c5 21. dxc5 Nxc5 22. Rfd1 Qc6 23. Rd2 Rbc8 24. Rad1 Ne4 25. Qe5 Nxd2 26. Rxd2 Rcd8 27. Re2 Rd1+ 28.
Re1 Rxe1+ 29. Qxe1 Rd8 30. Qd1 Rxd1# 0

[Event "Open Nuevo Centro. Jornada 2"]
[Site "Chess.com"]
[Date "2020.06.26"]
[Round "8"]
[White "Beneyto de Ramon, Guillermo"]
[Black "Sverdlik Roldán, Elías"]
[Result "1-0"]
[WhiteElo "1503"]
[BlackElo "761"]
[TimeControl "180+2"]
[EndTime "11:55:15 PDT"]
[Termination "Victoria de GUILLETE por abandono"]

1. c4 e5 2. Nc3 Nc6 3. g3 Nf6 4.
Bg2 d6 5. d3 Bd7 6. Bg5 Be7 7.
Nf3 h6 8. Bxf6 Bxf6 9. Nd5 Nd4 10. Nxd4 exd4 11. O-O Be6 12. Nxf6+ Qxf6 13. Bxb7 Rb8 14.
Qa4+ Bd7 15. Qxa7 Qd8 16. Bg2 Rxb2 17. Qxd4 Rb8 18. Qxg7 Rf8 19. Qxh6 Qf6 20. Qxf6 1

[Event "Open Nuevo Centro. Jornada 2"]
[Site "Chess.com"]
[Date "2020.06.26"]
[Round "8"]
[White "Hernández Tomás, Efrén"]
[Black "Ainsa Jimenez, Lucas"]
[Result "0-1"]
[WhiteElo "1010"]
[BlackElo "955"]
[TimeControl "180+2"]
[EndTime "11:55:16 PDT"]
[Termination "Victoria de ainsaluck por jaque mate"]

1. e4 e5 2. Qh5 Nf6 3. Qxe5+ Be7 4. Qg5 Nxe4 5. Qxg7 Bf6 6. Qg4 d5 7. f3 Bxg4 8. fxg4 Nd6 9. Bd3 Be7 10. Nf3 Nc6 11.
O-O Qd7 12. Bb5 O-O-O 13. Bxc6 Qxc6 14. Ne5 Qc5+ 15. Rf2 Qxc2 16. Nxf7 Nxf7 17. Rxf7 Qxc1+ 18. Kf2 Rhf8 19. Rxf8 Rxf8+ 20. Kg3 Qxb2 21. Nc3 Qxa1 22. Nxd5 Qe5+ 23. Nf4 Qxf4+ 24. Kh3 Rf6 25. g3 Qf1+ 26. Kh4 Rh6# 0

[Event "Open Nuevo Centro. Jornada 2"]
[Site "Chess.com"]
[Date "2020.06.26"]
[Round "8"]
[White "Morata Briones, Carlos"]
[Black "Gimenez Saiz, Jose Raul"]
[Result "0-1"]
[WhiteElo "892"]
[BlackElo "1529"]
[TimeControl "180+2"]
[EndTime "11:55:19 PDT"]
[Termination "Victoria de rango013 por jaque mate"]

1. e4 d5 2. Nc3 d4 3. Nd5 e6 4.
Nf4 Nf6 5. d3 c5 6. Be2 Nc6 7. Nf3 e5 8. Nd5 Nxd5 9. exd5 Qxd5 10. c4 dxc3 11. bxc3 Be7 12. c4 Qd6 13. Bb2 O-O 14. d4 exd4 15. Rc1 Bf5 16. Bd3 Bxd3 17. Qxd3 Ne5 18. Qc2 Nxf3+ 19. gxf3 Rfe8 20. O-O Qf4 21. Kh1 Qxf3+ 22. Kg1 Bd6 23. Qd1 Re2 24. Ba3 Qf4 25.
Qxe2 Qxh2# 0

[Event "Open Nuevo Centro. Jornada 2"]
[Site "Chess.com"]
[Date "2020.06.26"]
[Round "8"]
[White "Rabbani Perez, Ayoub "]
[Black "Rausell Taberner, Diego"]
[Result "0-1"]
[WhiteElo "244"]
[BlackElo "575"]
[TimeControl "180+2"]
[EndTime "11:55:22 PDT"]
[Termination "Victoria de DieguinRau por jaque mate"]

1. d4 d5 2. e3 e6 3. Nc3 Nc6 4. Nf3 Nf6 5. Ng5 Ng4 6. Nh3 Nf6 7. Nf4 Bd6 8. Nd3 Ne4 9. f4 Nxc3 10. Qd2 Ne4 11.
Qd1 Qh4+ 12. Ke2 Nb4 13. Nxb4 Qf2+ 14. Kd3 b6 15. c3 Bxb4 16. cxb4 Ba6+ 17. b5 Bxb5# 0

[Event "Open Nuevo Centro. Jornada 2"]
[Site "Chess.com"]
[Date "2020.06.26"]
[Round "8"]
[White "Colomer Martinez, Isabel"]
[Black "Camison Zornoza, Cesar"]
[Result "0-1"]
[WhiteElo "1247"]
[BlackElo "1715"]
[TimeControl "180+2"]
[EndTime "11:55:36 PDT"]
[Termination "Victoria de cczchess por jaque mate"]

1. d4 Nf6 2. Nf3 c5 3. dxc5 Qa5+ 4. Nc3 Qxc5 5. Be3 Qb4 6. a3 Qa5 7. Bd2 Nc6 8. Nd5 Qd8 9. Nxf6+ gxf6 10. e4 Bg7 11.
Bc4 d6 12. O-O O-O 13. c3 Bg4 14. Bb3 Qb6 15. Bc2 Ne5 16. Bb1 Bxf3 17. gxf3 Kh8 18. Qc2 Rg8 19. f4 Nf3+ 20. Kg2 Nxd2 21. Qxd2 Bh6+ 22. Kh1 Qb5 23. Rg1 Rxg1+ 24. Kxg1 Rg8+ 25. Kh1 Qf1# 0

[Event "Open Nuevo Centro. Jornada 2"]
[Site "Chess.com"]
[Date "2020.06.26"]
[Round "8"]
[White "Rabbani Perez, Oumaima "]
[Black "Torres Biosca, Roberto"]
[Result "0-1"]
[WhiteElo "646"]
[BlackElo "701"]
[TimeControl "180+2"]
[EndTime "11:55:45 PDT"]
[Termination "Victoria de rotolo12 por jaque mate"]

1. e3 e6 2. Bd3 Bd6 3. Nf3 Qf6 4. Rg1 Qe7 5. Rh1 Nf6 6. b3 O-O 7. Ba3 Bxa3 8. Nxa3 Qxa3 9. Ne5 d6 10. Nc4 Qb4 11. c3 Qc5 12. b4 Qc6 13. Na5 Qb6 14. Qa4 Bd7 15. Qd1 Nc6 16. Nxc6 Qxc6 17. Qb1 Qxg2 18. Rf1 Qxh2 19. c4 Ng4 20. Be4 Nxf2 21. Rxf2 Qg1+ 22.
Rf1 Qg3+ 23. Rf2 e5 24. Qb3 Bh3 25. Qc3 Qg1+ 26. Rf1 Qxf1# 0

[Event "Open Nuevo Centro. Jornada 2"]
[Site "Chess.com"]
[Date "2020.06.26"]
[Round "8"]
[White "Donate Moreno, Silvia"]
[Black "Hassomal Daswani, Birjkumar"]
[Result "1-0"]
[WhiteElo "1791"]
[BlackElo "1823"]
[TimeControl "180+2"]
[EndTime "11:56:41 PDT"]
[Termination "Victoria de 2camarones por abandono"]

1. e4 c5 2. Nf3 e6 3. d4 cxd4 4. Nxd4 Bc5 5. c4 Qb6 6. Be3 Nc6 7. Nxc6 Bxe3 8. fxe3 Qxe3+ 9. Qe2 Qxe2+ 10. Bxe2 dxc6 11. e5 Ne7 12. Nd2 Ng6 13. Nf3 O-O 14. O-O b6 15.
c5 bxc5 16. Rac1 Nf4 17. Bc4 a5 18. g3 Nd5 19. Kf2 Ba6 20. Bxa6 Rxa6 21. Rxc5 Rb6 22. b3 a4 23. Nd4 axb3 24. axb3 Ra8 25. Rfc1 Ra2+ 26.
R1c2 Rxc2+ 27. Rxc2 Nb4 28. Rc4 Kf8 29. Ke3 Ke7 30. Kd2 f6 31. Rxb4 Rxb4 32. Nxc6+ Kd7 33. Nxb4 fxe5 34. Ke3 Kd6 35. Ke4 g5 36. Nd3 1

[Event "Open Nuevo Centro. Jornada 2"]
[Site "Chess.com"]
[Date "2020.06.26"]
[Round "8"]
[White "Montesinos Diaz, Luis"]
[Black "Giaccio González, Alfredo Gustavo"]
[Result "1/2-1/2"]
[WhiteElo "1941"]
[BlackElo "2347"]
[TimeControl "180+2"]
[EndTime "11:56:45 PDT"]
[Termination "Partida en tablas por mutuo acuerdo"]

1. d4 e6 2. Nf3 b6 3. b3 Bb7 4. Bb2 f5 5. e3 Nf6 6. c4 g6 7.
Nbd2 Bg7 8. h4 h6 9. Ne5 g5 10.
hxg5 hxg5 11. Rxh8+ Bxh8 12. Be2 g4 13. f3 d6 14. Ng6 Bg7 15. fxg4 Ne4 16. gxf5 Qg5 17. Nxe4 Bxe4 18. Bh5 Qxe3+ 19. Qe2 Qxe2+ 20. Kxe2 Bxf5 21. Nh4+ Kd7 22. Nxf5 exf5 23. Rf1 Nc6 24. Rxf5 Rf8 25. Rxf8 Bxf8 26. Bg4+ Kd8 27. d5 Ne5 28. Bxe5 dxe5 29. Ke3 Ke7 30. Ke4 Kf6 31. Be6 Bh6 32. g4 Bf4 33. b4 Bd2 34. b5 1/2-1

[Event "Open Nuevo Centro. Jornada 2"]
[Site "Chess.com"]
[Date "2020.06.26"]
[Round "8"]
[White "Salvador Buiza, Victor"]
[Black "Deusa Ballesteros, Lucas "]
[Result "1-0"]
[WhiteElo "1764"]
[BlackElo "1474"]
[TimeControl "180+2"]
[EndTime "11:56:51 PDT"]
[Termination "Victoria de TERROROSCURO666 por abandono"]

1. e4 e6 2. d4 d5 3. e5 c5 4. c3 Nc6 5. Nf3 cxd4 6. cxd4 Nge7 7. Nc3 Nf5 8. Be3 Nxe3 9. fxe3 Be7 10. Bb5 O-O 11.
O-O a6 12. Bxc6 bxc6 13. Rc1 Rb8 14. b3 Bd7 15. Na4 h6 16. Nc5 Bxc5 17. Rxc5 Rb5 18.
Rc3 a5 19. Qd3 Qb8 20. Rfc1 Qa8 21. Rc5 Rxc5 22. Rxc5 a4 23. Qc3 axb3 24. axb3 Rb8 25. Ra5 Qb7 26. Nd2 Ra8 27. b4 Rxa5 28. bxa5 Qa7 29.
Nb3 Kf8 30. Qc5+ Qxc5 31. Nxc5 Bc8 32. a6 Bxa6 33. Nxa6 Ke7 34. Nb8 f6 35. exf6+ gxf6 36. Nxc6+ Kd6 37. Nb4 e5 38. Kf2 exd4 39. exd4 Ke6 40.
Ke3 1

[Event "Open Nuevo Centro. Jornada 2"]
[Site "Chess.com"]
[Date "2020.06.26"]
[Round "8"]
[White "Rodriguez, Mathias"]
[Black "Bosch Jordà, Ricard"]
[Result "1-0"]
[WhiteElo "1968"]
[BlackElo "1752"]
[TimeControl "180+2"]
[EndTime "11:56:53 PDT"]
[Termination "Victoria de niguil por jaque mate"]

1. e4 c5 2. Nf3 Nc6 3. Bb5 g6 4. Bxc6 bxc6 5. O-O Bg7 6. d3 Nh6 7. h3 f6 8. Nc3 O-O 9. Nh2 d6 10. f4 e5 11. f5 gxf5 12. Bxh6 Bxh6 13. Qh5 Be3+ 14.
Kh1 fxe4 15. dxe4 f5 16. exf5 Qg5 17. Qxg5+ Bxg5 18. Ne4 Bf4 19. Nxd6 Bxf5 20. Nxf5 Rxf5 21. g3 Rd8 22. gxf4 exf4 23. Nf3 Rb8 24. b3 c4 25. Rad1 cxb3 26. axb3 Rb4 27. Rd7 Re4 28. Rxa7 Re2 29. Rd1 Rf8 30. c4 Re3 31. Kg2 Rxb3 32. Rdd7 Rb2+ 33. Nd2 h5 34. Rg7+ Kh8 35. Rh7+ Kg8 36.
Rag7# 1

[Event "Open Nuevo Centro. Jornada 2"]
[Site "Chess.com"]
[Date "2020.06.26"]
[Round "8"]
[White "Gracia Calvo, Andrés"]
[Black "Martinez Hernandez, Paula"]
[Result "0-1"]
[WhiteElo "1813"]
[BlackElo "2014"]
[TimeControl "180+2"]
[EndTime "11:57:05 PDT"]
[Termination "Victoria de pauliximartinez por abandono"]

1. d4 f5 2. Nf3 Nf6 3. Bg5 d6 4.
e3 g6 5. Bd3 Bg7 6. Bxf6 Bxf6 7. e4 fxe4 8. Bxe4 c6 9. O-O O-O 10. c3 Bg4 11. Nbd2 e5 12. dxe5 Bxe5 13. Qb3+ Rf7 14. Nxe5 dxe5 15. Rad1 Qf6 16. f3 Be6 17. Qc2 Na6 18. b4 Raf8 19. a4 Qg5 20. Rfe1 h5 21. Nf1 h4 22. Ne3 Rxf3 23. Bxf3 Rxf3 24. Qe4 Rf4 25. Qd3 Nc7 26. Qd8+ Qxd8 27. Rxd8+ Kg7 28. Rf1 Rxf1+ 29. Kxf1 Kf6 30. Ke2 g5 31. Rb8 Nd5 32.
Nxd5+ Bxd5 33. g3 hxg3 34. hxg3 b5 35. axb5 cxb5 36. Rd8 Bc4+ 37. Ke3 Kf5 38. Rg8 Bxg8 0

[Event "Open Nuevo Centro. Jornada 2"]
[Site "Chess.com"]
[Date "2020.06.26"]
[Round "8"]
[White "Yeste Campos, Manuel"]
[Black "Vicent Lázaro, Elena"]
[Result "1-0"]
[WhiteElo "919"]
[BlackElo "657"]
[TimeControl "180+2"]
[EndTime "11:57:05 PDT"]
[Termination "Victoria de Manuel_Yeste por tiempo"]

1. e4 e6 2. d4 c5 3. d5 Na6 4. dxe6 fxe6 5. Nc3 Bd6 6. Nf3 Bb8 7. e5 Nh6 8. Bg5 O-O 9. Bxd8 Rxd8 10. Bxa6 bxa6 11. O-O Nf7 12. Ne4 Nxe5 13. Nxe5 Bxe5 14. Qf3 Bxb2 15. Rae1 Bb7 16. Nf6+ gxf6 17. Qxb7 Bc3 18. Re3 Bd4 19.
Rg3+ Kf8 20. Qf3 Be5 21. Re1 Bxg3 22. Qxg3 Rdb8 23. Qf3 Rb2 24. Qxf6+ Ke8 25. Qxb2 Kd8 26. Rd1 Kc7 27. Qe5+ 1

[Event "Open Nuevo Centro. Jornada 2"]
[Site "Chess.com"]
[Date "2020.06.26"]
[Round "8"]
[White "García Giménez, Santiago"]
[Black "Gerona Maura, Jesus"]
[Result "1-0"]
[WhiteElo "1943"]
[BlackElo "1746"]
[TimeControl "180+2"]
[EndTime "11:57:08 PDT"]
[Termination "Victoria de Somaelfideitos por tiempo"]

1. e4 e5 2. Nf3 Nc6 3. Bc4 Nf6 4. d3 Bc5 5. c3 d6 6. O-O h6 7. a4 a6 8. Na3 O-O 9. Nc2 g5 10. Be3 Ba7 11. Bxa7 Rxa7 12. Ne3 Ne7 13. Qc2 Ng6 14. d4 g4 15. Nd2 Nf4 16. Rad1 Qe7 17. Rfe1 Kh8 18.
Nf5 Bxf5 19. exf5 Rg8 20. Ne4 b5 21. axb5 axb5 22. Bxb5 Nxe4 23. Qxe4 Qg5 24. dxe5 Nh3+ 25. gxh3 gxh3+ 26. Kf1 Qg1+ 27. Ke2 Qxh2 28. exd6 Ra2 29. Qd4+ Kh7 30. Rd2 cxd6 31. Bd3 Re8+ 32. Be4 1

[Event "Open Nuevo Centro. Jornada 2"]
[Site "Chess.com"]
[Date "2020.06.26"]
[Round "8"]
[White "Donate Peris, Jose Manuel"]
[Black "Méndez Giménez , Néstor Emmanuel"]
[Result "0-1"]
[WhiteElo "1574"]
[BlackElo "1141"]
[TimeControl "180+2"]
[EndTime "11:57:22 PDT"]
[Termination "Victoria de NestorMendez8 por jaque mate"]

1. d4 e6 2. e4 c5 3. d5 exd5 4. exd5 Nf6 5. c4 b6 6. Nf3 Bb7 7. Bg5 g6 8. Nc3 Bg7 9. Qc2 O-O 10. Be2 Na6 11. a3 Re8 12. O-O Qe7 13. Rad1 Qd6 14. h3 h6 15. Nb5 Qe7 16. Be3 Nh5 17.
Qc1 Ng3 18. Bd3 Nxf1 19. Kxf1 Rac8 20. Bxh6 Bxh6 21. Qxh6 Nc7 22. d6 Qe6 23. Nxc7 Rxc7 24. dxc7 Bxf3 25. gxf3 Qc6 26. Be4 Qxc7 27. h4 Qh2 28.
Qg5 Qh1+ 29. Qg1 Qxh4 30. Rxd7 Qh3+ 31. Qg2 Qxd7 32. Bxg6 Qd1# 0

[Event "Open Nuevo Centro. Jornada 2"]
[Site "Chess.com"]
[Date "2020.06.26"]
[Round "8"]
[White "Gutierrez Marco, Dario"]
[Black "Zamora Soler, Raul"]
[Result "0-1"]
[WhiteElo "1899"]
[BlackElo "1800"]
[TimeControl "180+2"]
[EndTime "11:57:50 PDT"]
[Termination "Victoria de rzamora80 por abandono"]

1. e4 c5 2. Nc3 Nc6 3. Bb5 e6 4. Bxc6 bxc6 5. f4 d5 6. d3 dxe4 7.
Nxe4 Nf6 8. Nc3 Nd5 9. Ne4 Be7 10.
Nf3 O-O 11. O-O a5 12. a3 Ba6 13. Ne5 Rc8 14. f5 f6 15. Ng4 exf5 16. Rxf5 g6 17. Rf1 f5 18. Bh6 Rf7 19. Ne5 Rg7 20. Bxg7 Kxg7 21. Ng3 Ne3 22. Qf3 Nxf1 23. Rxf1 Qd4+ 24. Kh1 Qxe5 25. Ne2 Qxb2 26. Nf4 Qf6 27. Qg3 Kg8 28.
Re1 Bd6 29. Qf3 Bxf4 30. Qxf4 g5 31. Qd2 a4 32. Qa5 Bb5 33. Qd2 c4 34. dxc4 Bxc4 35.
Qd7 Rf8 36. Qd6 Qxd6 0

[Event "Open Nuevo Centro. Jornada 2"]
[Site "Chess.com"]
[Date "2020.06.26"]
[Round "8"]
[White "Remolar Gallen, Jose"]
[Black "García Oviedo, Alejandro"]
[Result "1-0"]
[WhiteElo "2350"]
[BlackElo "1894"]
[TimeControl "180+2"]
[EndTime "11:57:55 PDT"]
[Termination "Victoria de ChessMonguer por jaque mate"]

1. d4 d5 2. c4 Nf6 3. cxd5 Nxd5 4. e4 Nb6 5. Nc3 g6 6. Be3 Bg7 7. Rc1 O-O 8. Be2 Nc6 9. Nf3 Bg4 10. d5 Bxf3 11.
gxf3 Ne5 12. Bd4 c6 13. f4 Nec4 14. Bxg7 Kxg7 15. Bxc4 Nxc4 16. Qd4+ e5 17. Qxc4 exf4 18. Rd1 Qg5 19. d6 Rad8 20. Qd4+ Kg8 21. Kd2 c5 22.
Qd5 Qg2 23. Kc1 Qxf2 24. e5 Rfe8 25. Ne4 Qe3+ 26. Kb1 Kg7 27. Rhe1 Qh3 28. Nxc5 b6 29.
Nd3 Qxh2 30. Rh1 Qe2 31. Rxh7+ Kxh7 32. Qxf7+ Kh6 33. Rh1+ Qh5 34. Qxf4+ Kg7 35. Rxh5 gxh5 36. Qg5+ Kf7 37. Nf4 Rg8 38. Qf6+ Ke8 39. Qe7# 1

[Event "Open Nuevo Centro. Jornada 2"]
[Site "Chess.com"]
[Date "2020.06.26"]
[Round "8"]
[White "Martínez Albelda, Mariela"]
[Black "Valverde Alcaide, Miguel Alejandro"]
[Result "1-0"]
[WhiteElo "1005"]
[BlackElo "858"]
[TimeControl "180+2"]
[EndTime "11:57:55 PDT"]
[Termination "Victoria de laranita303 por jaque mate"]

1. d4 d5 2. Nc3 Nf6 3. Bf4 Bd7 4.
f3 h6 5. e4 dxe4 6. fxe4 e6 7. Nb5 Bxb5 8. Bxb5+ c6 9. Bc4 Nbd7 10.
e5 Nd5 11. Bxd5 exd5 12. Nf3 Bb4+ 13. c3 Ba5 14. b4 Bb6 15. Qa4 O-O 16. O-O g5 17.
Bg3 g4 18. Nh4 Qg5 19. Rf5 Qe3+ 20. Bf2 Qxc3 21. Rd1 a6 22. Be1 Qe3+ 23. Bf2 Qc3 24. Qb3 Qxb3 25. axb3 c5 26. dxc5 Bxc5 27. bxc5 Nxc5 28.
Bxc5 Rfd8 29. Be7 Rd7 30. Bf6 b5 31. Rd2 d4 32. Rf1 d3 33. Rfd1 Rc8 34. Rxd3 Rxd3 35. Rxd3 Rc1+ 36. Kf2 Rc2+ 37. Kg3 b4 38. Rd8+ Kh7 39.
Rh8# 1

[Event "Open Nuevo Centro. Jornada 2"]
[Site "Chess.com"]
[Date "2020.06.26"]
[Round "8"]
[White "URSARIU, NIKOLAS VICTOR"]
[Black "Perrot, Fabien "]
[Result "1-0"]
[WhiteElo "932"]
[BlackElo "989"]
[TimeControl "180+2"]
[EndTime "11:57:57 PDT"]
[Termination "Victoria de NikolasVictor por tiempo"]

1. e4 e5 2. Nf3 Nc6 3. Nc3 Nf6 4. d4 exd4 5. Nxd4 Bb4 6. Nxc6 bxc6 7. Bd3 Bxc3+ 8. bxc3 O-O 9. O-O Re8 10. Bg5 h6 11.
Bh4 g5 12. Bg3 d5 13. e5 Nd7 14. Re1 Nc5 15. Rb1 Na4 16. Qd2 Be6 17. Rb4 Nb6 18. a4 Nc4 19. Bxc4 dxc4 20. Qxd8 Rexd8 21. h3 Rab8 22. f4 a5 23. Rbb1 Rxb1 24. Rxb1 Rd2 25. Rb8+ Kg7 26. Rb2 Bf5 27. Rb7 Rxc2 28. Rxc7 Be4 29.
e6 Rxg2+ 30. Kf1 1

[Event "Open Nuevo Centro. Jornada 2"]
[Site "Chess.com"]
[Date "2020.06.26"]
[Round "8"]
[White "Borissov, Julián"]
[Black "Gil López, Alejandro"]
[Result "0-1"]
[WhiteElo "1866"]
[BlackElo "2114"]
[TimeControl "180+2"]
[EndTime "11:58:06 PDT"]
[Termination "Victoria de AglVal0313 por abandono"]

1. e4 c5 2. Nf3 g6 3. d4 cxd4 4. Nxd4 Bg7 5. Nc3 Nc6 6. Be3 d6 7. Be2 Nf6 8. O-O O-O 9. Kh1 Bd7 10. f4 a6 11. Nxc6 Bxc6 12. Bf3 Qc7 13. h4 h5 14. Qd2 Rad8 15. Qf2 Rc8 16. Bb6 Qd7 17. Rad1 Ng4 18. Qe2 Bf6 19. Bxg4 Qxg4 20. Qxg4 hxg4 21. g3 Bxc3 22.
bxc3 Bxe4+ 23. Kh2 Rxc3 24. Rd2 Rfc8 25. Re1 d5 26. Ree2 Rxc2 27. Rxc2 Rxc2 28. Rxc2 Bxc2 29. Kg2 Bb1 30. a3 f6 31. Kf2 Kf7 32. Ke3 e5 33. Bc7 Ke6 34. Bd8 d4+ 35. Kd2 exf4 36. gxf4 g3 37. Bb6 Kd5 38. f5 Bxf5 39. Bc7 g2 40. Bh2 Ke4 41. Bg1 Bg4 42. Bh2 f5 0

[Event "Open Nuevo Centro. Jornada 2"]
[Site "Chess.com"]
[Date "2020.06.26"]
[Round "8"]
[White "Valero Martinez, Óscar"]
[Black "Rodriguez Rodriguez, Joan David "]
[Result "0-1"]
[WhiteElo "1138"]
[BlackElo "1600"]
[TimeControl "180+2"]
[EndTime "11:58:37 PDT"]
[Termination "Victoria de Not_Jr_chess por jaque mate"]

1. e4 e5 2. Nf3 Nc6 3. Nc3 Nf6 4.
Bc4 Bc5 5. d3 O-O 6. Bg5 h6 7. Bh4 Be7 8. O-O d6 9. Nd5 Bg4 10. h3 Bxf3 11. Qxf3 Nxd5 12. Bxd5 Bxh4 13. Qg4 Bf6 14. c3 Rb8 15. b4 Ne7 16. b5 Nxd5 17. exd5 a6 18. Rab1 axb5 19. Rxb5 c6 20. Rb4 cxd5 21.
f4 exf4 22. Rbxf4 Bxc3 23. d4 Qg5 24. Qf3 Ba5 25. Rxf7 Rxf7 26. Qxf7+ Kh7 27. Qd7 Qe3+ 28. Kh2 Qxd4 29. Qf5+ Kh8 30. Qg6 Qe5+ 31. g3 Qe2+ 32. Kg1 Bb6+ 33. Kh1 Qxf1+ 34. Kh2 Qg1# 0

[Event "Open Nuevo Centro. Jornada 2"]
[Site "Chess.com"]
[Date "2020.06.26"]
[Round "8"]
[White "Chernikov, Vladimir"]
[Black "Valverde Caballero, Rafael"]
[Result "1-0"]
[WhiteElo "2270"]
[BlackElo "1906"]
[TimeControl "180+2"]
[EndTime "11:58:39 PDT"]
[Termination "Victoria de isla88 por tiempo"]

1. d4 Nf6 2. Nc3 e6 3. Bf4 Bb4 4. e3 d5 5. Bd3 Nbd7 6. Ne2 Ne4 7. O-O Bxc3 8. Nxc3 Nxc3 9. bxc3 Nf6 10. c4 c6 11.
cxd5 exd5 12. c4 Be6 13. c5 Qd7 14. Bd6 Bf5 15. Bxf5 Qxf5 16. Qb3 Qd7 17. Rfb1 Ne4 18. Qxb7 Rc8 19. Qxd7+ Kxd7 20. Rb7+ Ke6 21. Re7+ Kf6 22. Rxa7 Nxd6 23. cxd6 Rhd8 24. d7 Rb8 25. Kf1 Ke6 26. Rc1 Rxd7 27. Rxc6+ Ke7 28. Rca6 Rb2 29. a4 g5 30. a5 g4 31. Ke1 Rb1+ 32. Ke2 Rb2+ 33. Kd3 Rxf2 34. Rxd7+ Kxd7 35. Ra7+ Kc6 36. g3 Kb5 37.
Rd7 Kxa5 38. Rxd5+ Kb4 39. Rh5 Rf1 40. Ke4 f5+ 41. Rxf5 Rh1 42. Rh5 1